 Dungeon Crawl Stone Soup version 0.28.0-53-g5a82cb258f (webtiles) character file.

Game seed: 7155580655043522387

37 nickcage the Firebug (level 3, -2/19 HPs)
             Began as a Deep Elf Fire Elementalist on May 20, 2022.
             Slain by an orc wizard
             ... wielding a +0 dagger
              (3 damage)
             ... on level 2 of the Dungeon.
             The game lasted 00:06:01 (1392 turns).

nickcage the Firebug (Deep Elf Fire Elementalist)   Turns: 1392, Time: 00:06:02

Health: -2/19      AC:  2    Str:  5    XL:     3   Next: 23%
Magic:  1/9        EV: 12    Int: 21    God:
Gold:   46         SH:  0    Dex: 15    Spells: 2/8 levels left

rFire   . . .      SeeInvis .   b - +0 mace
rCold   . . .      Faith    .   (no shield)
rNeg    . . .      Spirit   .   a - +0 robe
rPois   .          Reflect  .   (no helmet)
rElec   .          Harm     .   (no cloak)
rCorr   .          Rampage  .   (no gloves)
Will    .....                   (no boots)
Stlth   ++........              (no amulet)
HPRegen 0.06/turn               i - ring of flight
MPRegen 0.11/turn               (no ring)

@: flying
A: no striking features
a: no special abilities


You were on level 2 of the Dungeon.
You visited 1 branch of the dungeon, and saw 2 of its levels.

You collected 46 gold pieces.

Inventory:

Hand Weapons
 b - a +0 mace (weapon)
Armour
 a - a +0 robe (worn)
Magical Staves
 j - a staff of death
Jewellery
 i - a ring of flight (left hand)
Scrolls
 c - a scroll of identify {unknown}
 f - a scroll of fear {unknown}
Potions
 d - a potion of haste
 e - 2 potions of mutation {unknown}
 g - a potion of degeneration {unknown}
 h - a potion of flight {unknown}


   Skills:
 - Level 2.4 Dodging
 - Level 2.4 Stealth
 + Level 3.1 Spellcasting
 - Level 2.0 Conjurations
 + Level 4.4 Fire Magic


You had 2 spell levels left.
You knew the following spells:

 Your Spells              Type           Power      Damage    Failure   Level
a - Foxfire               Conj/Fire      64%        2x1d7     3%          1
b - Scorch                Fire           42%        2d7       3%          2
c - Conjure Flame         Conj/Fire      16%        6-21      11%         3

Your spell library contained the following spells:

 Spells                   Type           Power      Damage    Failure   Level
 Inner Flame              Hex/Fire       12%        N/A       16%         3
 Flame Wave               Conj/Fire      16%        2d6       34%         4


Dungeon Overview and Level Annotations

Branches:
Dungeon (2/15)

Altars:


Message History

The ball python is severely wounded.
Something hits you but does no damage. The ball python bites you.
The ball python constricts you. Something hits you but does no damage.
You barely miss the ball python.
The ball python is severely wounded.
You feel less wooden.
Your +0 robe unmelds from your body.
The ball python bites you. The ball python constricts you.
The ball python barely misses you. The ball python constricts you.
Something hits you.
You barely miss the ball python.
The ball python is severely wounded.
The ball python bites you but does no damage.
The ball python constricts you.
You hear some strange, mumbled words.
You are confused.
The ball python bites you but does no damage.
The ball python constricts you.
You hit the ball python.
You kill the ball python!
Something hits you. x2
* * * LOW HITPOINT WARNING * * *
You closely miss something.
An orc wizard appears from thin air!
Reactivating autopickup.
The orc wizard gestures wildly while chanting.
The orc wizard flickers and vanishes!
Deactivating autopickup; reactivate with Ctrl-A.
You barely miss something. Something barely misses you.
Something hits you but does no damage.
You're too confused to move!
You feel less confused. Something hits you.
* * * LOW HITPOINT WARNING * * *
Casting: Scorch (safe; 3% risk of failure)
Confirm with . or Enter, or press ? or * to list all spells.
Flames lash something.
Something hits you.
* * * LOW HITPOINT WARNING * * *
You miss something. Something hits you.
* * * LOW HITPOINT WARNING * * *
You hit something but do no damage. Something hits you.
You die...

# ##### # # # #
#####+#+# ######
#........
.....###########..!.....
.....##........#){......
.....''........'@)......
.....##........#.......)
#######........#.......#
#........#)#######
#........#.#
#........#'#
#########... ...


There were no monsters in sight!

Vanquished Creatures
  An adder (D:2)
  A worm (D:2)
  2 orcs (D:2)
  An endoplasm (D:1)
  2 giant cockroaches
  A hobgoblin (D:1)
  2 quokkas
  5 ball pythons
  3 bats (D:1)
  A frilled lizard (D:1)
  2 goblins (D:1)
  A kobold (D:2)
  3 rats (D:1)
25 creatures vanquished.

Vanquished Creatures (others)
  13 foxfires (D:1)
13 creatures vanquished.

Grand Total: 38 creatures vanquished

Notes
Turn   | Place    | Note
-------+----------+-------------------------------------------
     0 | D:1      | nickcage the Deep Elf Fire Elementalist began the quest for
                  | the Orb.
     0 | D:1      | Reached XP level 1. HP: 10/10 MP: 6/6
   562 | D:1      | Reached XP level 2. HP: 15/15 MP: 6/8
   565 | D:1      | Learned a level 2 spell: Scorch
   934 | D:1      | Reached skill level 4 in Fire Magic
  1259 | D:2      | Reached XP level 3. HP: 19/19 MP: 4/9
  1263 | D:2      | Learned a level 3 spell: Conjure Flame
  1392 | D:2      | Slain by an orc wizard

Illustrated notes

Levels and vault maps discovered:
D:1:      sevenhm_arrival_forest_fort_large_3, layout_basic
D:2:      layout_basic, nicolae_ecumenical_snake_handling, feat_on_display

Skill      XL: |  1  2  3 |
---------------+----------+-----
Fire Magic     | 4 |  4.4
Conjurations   | 2 |  2.0
Dodging        | |  2.4
Stealth        | |  2.4
Spellcasting   | |  3.1

Action                   || total
-------------------------++-------
Melee: Mace              ||    27
 Cast: Foxfire           ||     9
       Scorch            ||    18
 Stab: Sleeping          ||     1
Armor: Robe              ||     6
       Skin              ||    37
Dodge: Dodged            ||     8
